 Dungeon Crawl Stone Soup version 0.17-a0-1979-g1c74939 (webtiles) character file.

4657 derrpe the Jinx (level 10, -15/51 HPs)
             Began as a Vine Stalker Enchanter on Oct 5, 2015.
             Was a High Priest of Okawaru.
             Demolished by an orc knight
             ... wielding a +0 trident
              (20 damage)
             ... in a bailey.
             The game lasted 00:42:46 (10439 turns).

derrpe the Jinx (Vine Stalker Enchanter)           Turns: 10439, Time: 00:42:47

Health: -15/51     AC: 11    Str: 14    XL:     10   Next: 43%
Magic:  0/14       EV: 25    Int: 20    God:    Okawaru [*****.]
Gold:   567        SH:  0    Dex: 20    Spells: 5 memorised, 2 levels left

rFire  . . .     SeeInvis .     a - +1 dagger (elec)
rCold  . . .     Clarity  .     M - +2 robe {MR+}
rNeg   . . .     SustAt   .     (no shield)
rPois  +         Gourm    .     u - +0 helmet
rElec  .         Spirit   +     k - +0 cloak
rCorr  .         Warding  .     p - +2 pair of gloves {Str+3}
rMut   .         Stasis   .     o - +0 pair of boots
MR     ++...                    (no amulet)
Stlth  +++++++...               J - +2 ring of intelligence
                                y - ring of poison resistance

@: agile, heroism, very resistant to hostile enchantments, extremely stealthy
A: fangs 3, regeneration 2, magic shield, antimagic bite, no device heal 3, rot
immunity
a: Heroism, Finesse, Renounce Religion


You were in a bailey.
You worshipped Okawaru.
Okawaru was extremely pleased with you.
You were very hungry.

You visited 1 branch of the dungeon, and saw 9 of its levels.
You also visited: Sewer, Ossuary and Bailey.

You collected 567 gold pieces.

Inventory:

Hand Weapons
 a - a +1 dagger of electrocution (weapon)
 b - a +4 long sword of electrocution
 G - a +0 blowgun
Missiles
 B - 54 poisoned needles
 O - 6 needles of confusion
Armour
 k - a +0 cloak (worn)
 o - a +0 pair of boots (worn)
 p - a +2 pair of gloves of strength (worn)
 u - a +0 helmet (worn)
 M - a +2 robe of magic resistance (worn)
Magical Staves
 C - an uncursed staff of earth
Jewellery
 g - an uncursed ring of flight
 t - an uncursed ring of ice
 y - a ring of poison resistance (left hand)
 F - an uncursed ring of wizardry
 J - a +2 ring of intelligence (right hand)
Wands
 h - a wand of enslavement (15)
Scrolls
 f - 2 scrolls of enchant armour
 m - 4 scrolls of teleportation
 r - 4 scrolls of amnesia
 s - a scroll of recharging
 w - 6 scrolls of remove curse
Potions
 e - 3 potions of agility
 i - 12 potions of curing
 j - 2 potions of mutation {unknown}
 n - a potion of cancellation {unknown}
 q - 2 potions of magic
 v - 4 potions of flight
 x - 7 potions of heal wounds {unknown}
 A - 2 potions of brilliance {unknown}
 D - 6 potions of degeneration {unknown}
 E - 3 potions of cure mutation {unknown}
 H - 4 potions of haste {unknown}
 I - 6 potions of poison {unknown}
 N - a potion of resistance {unknown}
 Q - a potion of beneficial mutation {unknown}
 R - a potion of berserk rage {unknown}
Books
 c - a book of Maledictions

   Spells                             Type                      Level
   a - Corona                         Hexes                        1
   b - Ensorcelled Hibernation        Hexes/Ice                    2
   c - Confuse                        Hexes                        3
   d - Tukima's Dance                 Hexes                        3
   e - Dazzling Spray                 Conjuration/Hexes            3
 P - a book of Clouds

   Spells                             Type                      Level
   a - Mephitic Cloud                 Conjuration/Poison/Air       3
   b - Conjure Flame                  Conjuration/Fire             3
   c - Poisonous Cloud                Conjuration/Poison/Air       6
   d - Freezing Cloud                 Conjuration/Ice/Air          6
   e - Ring of Flames                 Charms/Fire                  7
Comestibles
 d - 5 bread rations {@e1}
 z - a meat ration {@e2}
 K - a beef jerky
 L - 2 chunks of flesh {@w0}


   Skills:
 - Level 4.4(9.4) Fighting
 - Level 5.0(10.1) Short Blades
 - Level 1.2(8.3) Long Blades
 - Level 4.0(9.0) Dodging
 - Level 8.0(13.0) Stealth
 + Level 2.6 Spellcasting
 * Level 2.1 Conjurations
 - Level 8.8 Hexes
 - Level 3.0 Ice Magic
 - Level 5.1 Invocations


You had 2 spell levels left.
You knew the following spells:

 Your Spells              Type           Power        Failure   Level  Hunger
a - Corona                Hex            #####..      1%          1    None
b - Ensorcelled Hibernat  Hex/Ice        ####..       1%          2    ##.....
c - Confuse               Hex            #####...     1%          3    ###....
d - Tukima's Dance        Hex            #####...     1%          3    ###....
e - Dazzling Spray        Conj/Hex       ###.....     6%          3    ###....


Dungeon Overview and Level Annotations

Branches:
Dungeon (9/15)             Temple (0/1) D:7
   Lair: D:8-11         Orc: D:9-12

Altars:
Ashenzari
Okawaru
Qazlal
Ru
Trog
Vehumet

Annotations:
D:6 exclusion: statue


Innate Abilities, Weirdness & Mutations

You have razor-sharp teeth.
You heal very quickly.
When hurt, damage is shared between your health and your magic reserves.
Your bite disrupts and absorbs the magic of your enemies.
Potions and wands cannot restore your health.
You are immune to rotting.


Message History

You don't have enough magic to cast that spell.
Drink which item? (? for menu, Esc to quit)
You feel agile all of a sudden.
The orc knight hits your bardiche with a trident.
The orc misses you. The orc knight closely misses you.
Your bardiche hits the orc knight!!
The orc knight dies!
Okawaru is honoured by your kill.
Your Conjurations skill increases to level 2!
The orc knight barely misses you. x2
Use which ability?
You gain the combat prowess of a mighty hero.
You feel slightly more hungry. The orc barely misses you.
The orc knight hits you from afar with a trident!
* * * LOW HITPOINT WARNING * * *
The orc knight hits you but does no damage.
Unknown command.
The orc hits your bardiche but does no damage.
The orc knight hits you from afar with a trident!!
You die...

#.......#
#.......#
#.......#
#.......#
#oo.....#
#o[.....#
#o(o....#
#..o....#
#@......#
##..∩..##
#######


You could see 2 orc knights, an orc warrior (frenzied), 3 orcs and a friendly
bardiche.

Vanquished Creatures
  3 yaks
  A deep elf mage (D:8)
  A hippogriff (D:8)
  A hungry ghost (D:9)
  A black bear (D:6)
  An ice beast (D:8)
  5 orc warriors
  3 sky beasts
  An ogre (D:6)
  A centaur (D:5)
  2 big kobolds
  6 giant frogs
  Dowan (D:6)
  A wyvern zombie (D:5)
  2 scorpions
  2 wights (D:6)
  6 killer bees
  A centaur zombie (D:8)
  A human zombie (Ossuary)
  2 crimson imps (D:7)
  3 hounds
  4 jellies
  An orc priest (D:7)
  A giant frog zombie (D:6)
  An iguana (D:4)
  Ijyb (D:3)
  A giant frog skeleton (D:4)
  5 orc wizards
  Jessica (D:3)
  6 worker ants
  A hound zombie (D:5)
  5 mummies (Ossuary)
  A worker ant zombie (D:9)
  10 adders
  10 gnolls
  2 river rats (Sewer)
  A shadow imp (D:8)
  An ooze (D:3)
  2 worms (D:2)
  3 giant geckos
  37 orcs
  5 giant cockroaches
  10 goblins
  8 hobgoblins
  22 jackals
  21 kobolds
  7 quokkas
  2 ball pythons
  9 bats
  A giant gecko zombie (D:8)
  3 giant newts
  3 gnoll zombies (Ossuary)
  2 goblin zombies (Ossuary)
  A jackal skeleton (D:7)
  A jackal zombie (D:5)
  A kobold zombie (Ossuary)
  An orc zombie (Ossuary)
  13 rats
249 creatures vanquished.

Vanquished Creatures (collateral kills)
  An orc knight (Bailey)
  Duvessa (D:6)
  5 orc warriors (Bailey)
  A wight (D:6)
  13 orcs
  A kobold (Sewer)
22 creatures vanquished.

Vanquished Creatures (others)
  2 dancing weapons
  An orc wizard (D:7)
  2 orcs (D:7)
5 creatures vanquished.

Grand Total: 276 creatures vanquished

Notes
Turn   | Place    | Note
--------------------------------------------------------------
     0 | D:1      | derrpe the Vine Stalker Enchanter began the quest for the Orb.
     0 | D:1      | Reached XP level 1. HP: 9/9 MP: 4/4
   224 | D:1      | Reached XP level 2. HP: 10/13 MP: 4/6
   234 | D:1      | Learned a level 2 spell: Ensorcelled Hibernation
   775 | D:1      | Reached skill level 1 in Ice Magic
   924 | D:2      | Reached XP level 3. HP: 16/16 MP: 4/7
  1174 | D:2      | Reached skill level 4 in Stealth
  1801 | D:2      | Reached XP level 4. HP: 17/21 MP: 3/8
  1817 | D:2      | Learned a level 3 spell: Confuse
  2040 | D:2      | Found a sacrificial altar of Ru.
  2156 | D:2      | Became a worshipper of Ru the Awakened
  2592 | D:3      | Found a bloodstained altar of Trog.
  2754 | D:3      | Noticed Ijyb
  2770 | D:3      | Killed Ijyb
  2770 | D:3      | Reached XP level 5. HP: 20/24 MP: 0/9
  2884 | D:3      | Noticed Jessica
  2900 | D:3      | Killed Jessica
  3100 | D:3      | Found an iron altar of Okawaru.
  3223 | D:3      | Fell from the grace of Ru
  3223 | D:3      | Became a worshipper of Warmaster Okawaru
  3279 | D:3      | Reached skill level 1 in Short Blades
  3371 | D:3      | Found a shattered altar of Ashenzari.
  3648 | D:3      | Reached skill level 5 in Stealth
  3648 | D:3      | Gained mutation: You heal very quickly. [Vine Stalker growth]
  3648 | D:3      | Reached XP level 6. HP: 24/29 MP: 2/10
  3952 | D:4      | Learned a level 3 spell: Tukima's Dance
  3965 | D:4      | Reached skill level 1 in Fighting
  4064 | D:4      | Reached skill level 5 in Hexes
  4268 | D:4      | Found a stormy altar of Qazlal.
  4506 | D:5      | Entered Level 5 of the Dungeon
  4636 | D:5      | Acquired Okawaru's first power
  4636 | D:5      | Reached XP level 7. HP: 28/33 MP: 0/11
  5507 | D:6      | Reached skill level 6 in Stealth
  5584 | D:6      | Found a sand-covered staircase.
  5647 | Ossuary  | Entered an ossuary
  5774 | Ossuary  | Gained mutation: You have razor-sharp teeth. [Vine Stalker growth]
  5774 | Ossuary  | Reached XP level 8. HP: 39/39 MP: 8/12
  5944 | D:6      | Found a glowing drain.
  5977 | Sewer    | Entered a sewer
  6157 | Sewer    | Found a white marble altar of Elyvilon.
  6415 | D:6      | Noticed Duvessa
  6415 | D:6      | Noticed Dowan
  6446 | D:6      | Killed Duvessa
  6459 | D:6      | Killed Dowan
  6538 | D:6      | Reached skill level 5 in Invocations
  6677 | D:6      | Found a radiant altar of Vehumet.
  6963 | D:5      | Reached XP level 9. HP: 43/43 MP: 6/13
  7084 | D:6      | Reached skill level 7 in Hexes
  7789 | D:7      | Found a radiant altar of Vehumet.
  7939 | D:7      | Learned a level 3 spell: Dazzling Spray
  8023 | D:7      | Found a staircase to the Ecumenical Temple.
  8577 | D:8      | Reached skill level 8 in Hexes
  8584 | D:8      | Reached skill level 1 in Long Blades
  9000 | D:8      | Reached XP level 10. HP: 49/49 MP: 0/14
  9748 | D:9      | Found a flagged portal.
  9759 | Bailey   | Entered a bailey
 10014 | Bailey   | Acquired Okawaru's second power
 10017 | Bailey   | Reached skill level 5 in Short Blades
 10244 | Bailey   | Noticed an orc knight
 10244 | Bailey   | Noticed an orc knight
 10322 | Bailey   | Reached skill level 1 in Conjurations
 10429 | Bailey   | Noticed an orc knight
 10431 | Bailey   | Noticed an orc knight
 10436 | Bailey   | Killed an orc knight
 10439 | Bailey   | Demolished by an orc knight

Vault maps used:
D:1:      dpeg_arrival_yet_another_circle
D:2:      lemuel_doored_altar
D:3:      nicolae_overflow_crystal_walls, okawaru_altar_gauntlet_db,
          cheibrodos_ashenzari_chains, uniq_jessica, uniq_iyjb
D:4:      kennysheep_mini, nicolae_tso_swordbearing_angel
D:5:      first_bread
D:6:      vehumet_statue, lightli_ossuary_entry_decrepit_ruins,
          gup_sewer_entry_glass, uniq_duvessa
D:7:      lemuel_temple_firewalk_marked, vehumet_altar_wand_db
D:9:      enter_bailey_2, roderic_digamma_sauvastika
Sewer:    sewer_kobolds
Ossuary:  ossuary_crypta
Bailey:   bailey_polearm_5, bailey

Action                   |  1- 3 |  4- 6 |  7- 9 | 10-12 || total
-------------------------+-------+-------+-------+-------++-------
Melee: Dagger            |   112 |   164 |   285 |    62 ||   623
       Long sword        |       |       |    34 |       ||    34
Throw: Stone             |       |     1 |       |       ||     1
 Cast: Corona            |     9 |     1 |       |       ||    10
       Ensorcelled Hiber |    24 |    45 |    65 |     1 ||   135
       Confuse           |       |     6 |    22 |     3 ||    31
       Tukima's Dance    |       |     4 |    16 |    16 ||    36
       Dazzling Spray    |       |       |     3 |     3 ||     6
Invok: Heroism           |       |       |       |     1 ||     1
  Use: Scroll            |       |     6 |    12 |     3 ||    21
       Potion            |       |       |     3 |     1 ||     4
 Stab: Sleeping          |    20 |    34 |    51 |     5 ||   110
       Confused          |       |     3 |     8 |     2 ||    13
       Distracted        |       |     2 |     1 |     1 ||     4
  Eat: Chunk             |     5 |    12 |    11 |     2 ||    30
       Beef jerky        |       |       |     4 |       ||     4
       Meat ration       |       |       |     2 |     1 ||     3
       Fruit             |       |       |     1 |       ||     1
